 Dungeon Sprint DCSS version 0.30-a0-137-gd8773701ce (webtiles) character file.

Game seed: 18168372767565626014

6 Pilot the Covered (level 1, -3/19 HPs)
             Began as a Demigod Fighter on Sept 22, 2022.
             Slain by an iguana (12 damage)
             ... in the Dungeon (Sprint IX: "|||||||||||||||||||||||||||||").
             The game lasted 00:00:43 (282 turns).

Pilot the Covered (Demigod Fighter)                  Turns: 282, Time: 00:00:43

Health: -3/19      AC:  6    Str: 17    XL:     1   Next: 60%
Magic:  3/3        EV:  9    Int: 10    God:
Gold:   0          SH:  4    Dex: 13    Spells: 0/0 levels left

rFire   . . .      SeeInvis .    a - +0 long sword
rCold   . . .      Faith    .    c - +0 buckler
rNeg    . . .      Spirit   .    b - +0 scale mail
rPois   .          Reflect  .    (no helmet)
rElec   .          Harm     .    (no cloak)
rCorr   .          Rampage  .    (no gloves)
Will    .....      NoTele   +    (no boots)
Stlth   ..........               (no amulet)
HPRegen 0.06/turn                (no ring)
MPRegen 0.08/turn                (no ring)

@: no status effects
A: high MP 1, forlorn, divine attributes
a: no special abilities


You were in the Dungeon.
You visited 1 branch

Inventory:

Hand Weapons
 a - a +0 long sword (weapon)
Armour
 b - a +0 scale mail (worn)
 c - a +0 buckler (worn)
Scrolls
 j - a scroll of blinking
Potions
 d - a potion of might
 e - a potion of curing
 f - a potion of heal wounds
 g - a potion of haste
 h - 2 potions of magic
 i - a potion of berserk rage


   Skills:
 + Level 3.1 Fighting
 - Level 1.7 Long Blades
 + Level 3.2 Armour
 * Level 1.2 Dodging
 + Level 3.1 Shields


You couldn't memorise any spells.
You didn't know any spells.
Your spell library was empty.

Dungeon Overview and Level Annotations

Branches:
Dungeon (1/1)


Innate Abilities, Weirdness & Mutations

You have an increased reservoir of magic. (+10% MP)
You shall have no god before yourself.
Your divine heritage dramatically boosts your attributes as you level up.


Message History

Your Armour skill increases to level 3!
You hit the endoplasm.
The endoplasm is heavily wounded.
You block the endoplasm's attack.
You slash the endoplasm!
You kill the endoplasm!
The ball python bites you.
* * * LOW HITPOINT WARNING * * *
The ball python barely misses you.
Your Fighting skill increases to level 3!
Your Shields skill increases to level 3!
You closely miss the ball python. The ball python closely misses you.
You block the ball python's attack.
You slash the ball python!
You kill the ball python!
Your Dodging skill increases to level 1!
You completely miss the kobold.
The kobold hits you but does no damage. x2
You slash the kobold!
You kill the kobold!
There is an open door to the Dungeon, spattered with blood here.
Things that are here:
a +0 dagger; a kobold corpse; a ball python corpse You open the door. 2 centaurs, an orc and 2 iguanas come into view.
The centaur shouts! x2; The orc shouts!
The iguana hisses angrily. x2
You barely miss the iguana. The iguana closely misses you.
You hit the iguana.
The iguana is moderately wounded.
The iguana barely misses you. The iguana bites you.
You barely miss the iguana.
The iguana is moderately wounded.
The iguana bites you.
You hit the iguana but do no damage.
The iguana is moderately wounded.
The iguana bites you.
You hit the iguana but do no damage.
The iguana is moderately wounded.
The iguana completely misses you. The iguana bites you!
Ouch! That really hurt!
You die... ▓▓▓▓▓▓▓▓▓▓▓▓▓▓▓▓▓▓ +.ccoll@....)...<▓ ▓▓▓▓▓▓▓▓▓▓▓▓▓▓▓▓▓▓

You could see 2 centaurs, 2 iguanas and an orc.

Vanquished Creatures
  2 endoplasms (D)
  A kobold (D)
  2 ball pythons (D)
5 creatures vanquished.

Notes
Turn   | Place    | Note
-------+----------+-------------------------------------------
     0 | D        | Pilot the Demigod Fighter began the quest for the Orb.
     0 | D        | Reached XP level 1. HP: 18/18 MP: 3/3
    18 | D        | Reached skill level 1 in Dodging
   277 | D        | Noticed a centaur
   277 | D        | Noticed a centaur
   277 | D        | Noticed an iguana
   277 | D        | Noticed an iguana
   282 | D        | Slain by an iguana

Illustrated notes

Levels and vault maps discovered:
D:        linesprint [early_d, line_temple, items_1, d_10, items_2, lair_1,
          lair_end, items_3, orc_1, orc_end, items_4, d_15, swamp_1, shoals_1,
          snake_1, spider_1, d_20, vaults_1, items_5, swamp_end, shoals_end,
          snake_end, spider_end, vaults_end, d_27, items_6, zot_1, zot_end,
          crypt_end, forest_end, elf_end, slime_end, tomb_end, abyss_end,
          pan_hell_end]

Skill      XL: |  1 |
---------------+----+-----
Armour         | 3 |  3.2
Fighting       | 3 |  3.1
Shields        | 3 |  3.1
Dodging        | 1 |  1.2
Long Blades    | |  1.7

Action                   || total
-------------------------++-------
Melee: Long sword        ||    21
Armor: Scale mail        ||     4
Dodge: Dodged            ||     8
Block: Buckler           ||     3

Table legend: (Time is in decaauts)
 A = Elapsed time spent in this place.
 B = Non-inter-level travel time spent in this place.
 C = Inter-level travel time spent in this place.
 D = Time resting spent in this place.
 E = Time spent auto-exploring this place.
 F = Levels seen in this place.
 G = Mean time per level.
                   A        B        C        D        E       F      G
               +--------+--------+--------+--------+--------+-----+--------+
         Total |    288 |    279 |      9 |      0 |      0 |   1 |  288.0 |
       Dungeon |    288 |    279 |      9 |      0 |      0 |   1 |  288.0 |
               +--------+--------+--------+--------+--------+-----+--------+

Top non-repeatable levels by time:
       D: 288 daAuts
